 Dungeon Crawl Stone Soup version 0.26-a0-661-g406de6ba63 (webtiles) character file.

Game seed: 11074373621242927642

85582 ringo67 the Fighter (level 15, -2/165 HPs)
             Began as an Ogre Fire Elementalist on Oct 8, 2020.
             Was a High Priest of Vehumet.
             Slain by a boulder beetle (16 damage)
             ... summoned by Azrael
             ... on level 14 of the Dungeon on Oct 9, 2020.
             The game lasted 01:40:33 (42369 turns).

ringo67 the Fighter (Ogre Fire Elementalist)       Turns: 42369, Time: 01:40:34

Health: -2/165     AC:  9    Str: 16    XL:     15   Next: 84%
Magic:  36/41      EV: 13    Int: 26    God:    Vehumet [*****.]
Gold:   2445       SH: 16    Dex:  9    Spells: 7/38 levels left

rFire    . . .     SeeInvis .   b - +12 Vampire's Tooth {vamp}
rCold    + . .     Faith    .   l - +0 kite shield
rNeg     . . .     Spirit   .   L - +2 robe {rC+}
rPois    .         Reflect  +   U - +3 hat of Pondering {ponderous, MR+ MP+10 Int+5}
rElec    .         Harm     .   T - +0 cloak (curse)
rCorr    .         Rampage  .   (gloves unavailable)
MR       ++...                  (boots unavailable)
Stlth    +.........             g - amulet of reflection
HPRegen  0.37/turn              P - ring of fire
MPRegen  0.27/turn              z - ring of ice

@: marked, frozen ramparts, slow
A: large, unfitting armour, tough skin 1
a: Renounce Religion


You were on level 14 of the Dungeon.
You worshipped Vehumet.
Vehumet was extremely pleased with you.
You visited 4 branches of the dungeon, and saw 23 of its levels.
You also visited: Gauntlet and Ice Cave.

You collected 2445 gold pieces.

Inventory:

Hand Weapons
 b - the +12 Vampire's Tooth (weapon) {vamp}
   (You found it on level 10 of the Dungeon)

   It inflicts no extra harm, but heals its wielder when it wounds a living foe.
 E - a +0 giant spiked club
Missiles
 e - 17 large rocks (quivered)
 y - 8 curare-tipped darts
Armour
 k - a +0 tower shield
 l - a +0 kite shield (worn)
 n - a scarf of invisibility
 s - a +0 cloak
 L - a +2 robe of cold resistance (worn)
 T - a cursed +0 cloak (worn)
 U - the +3 hat of Pondering (worn) {ponderous, MR+ MP+10 Int+5}
   (You took it off Gastronok on level 12 of the Dungeon)

   It affects your intelligence (+5).
   It affects your resistance to hostile enchantments.
   It affects your magic capacity (+10).
Magical Staves
 a - an uncursed staff of fire
Jewellery
 g - an amulet of reflection (around neck)
 z - a ring of ice (right hand)
 C - an uncursed ring of ice
 M - an uncursed ring of positive energy
 P - a ring of fire (left hand)
 Q - an uncursed ring of poison resistance
 V - an uncursed ring of ice
Wands
 h - a wand of paralysis (33)
 m - a wand of flame (23)
 o - a wand of acid (22)
 t - a wand of polymorph (14)
 u - a wand of iceblast (36)
 B - a wand of digging (2)
 D - a wand of random effects (21)
Scrolls
 f - 3 scrolls of enchant armour
 p - 3 scrolls of teleportation
 r - 11 scrolls of identify
 v - 2 scrolls of amnesia
 w - 3 scrolls of magic mapping
 G - 2 scrolls of enchant weapon
 I - 3 scrolls of holy word
 N - 2 scrolls of silence
 O - 2 scrolls of brand weapon
 R - 6 scrolls of remove curse
 S - 2 scrolls of fear
Potions
 c - 3 potions of haste
 d - 7 potions of stabbing
 i - 3 potions of flight
 j - 3 potions of brilliance
 q - 3 potions of invisibility
 x - 4 potions of cancellation
 F - 14 potions of ambrosia
 H - 4 potions of lignification
 J - 2 potions of curing
 K - a potion of might
 W - a potion of berserk rage {unknown}


   Skills:
 + Level 14.9 Fighting
 + Level 8.3 Dodging
 - Level 1.4 Stealth
 + Level 10.4 Shields
 - Level 12.0 Spellcasting
 + Level 12.4 Conjurations
 + Level 10.8 Fire Magic
 - Level 3.0 Ice Magic


You had 7 spell levels left.
You knew the following spells:

 Your Spells              Type           Power        Failure   Level
a - Foxfire               Conj/Fire      ####         1%          1
b - Conjure Flame         Conj/Fire      #######.     1%          3
c - Sticky Flame          Conj/Fire      #######.     1%          4
d - Fireball              Conj/Fire      #######...   1%          5
e - Mephitic Cloud        Conj/Pois/Air  #####...     1%          3
f - Ignite Poison         Fire/Tmut/Pois ######..     1%          3
g - Blink                 Tloc           N/A          5%          2
h - Frozen Ramparts       Ice            #####.       1%          3
i - Spellforged Servitor  Conj/Summ      #####.....   50%         7

Your spell library contained the following spells:

 Spells                   Type           Power        Failure   Level
 Freezing Cloud           Conj/Ice/Air   ######....   17%         6
 Magic Dart               Conj           ####         0%          1
 Freeze                   Ice            ####         1%          1
 Shock                    Conj/Air       ####         1%          1
 Searing Ray              Conj           ######       1%          2
 Dazzling Flash           Conj/Hex       #####.       1%          3
 Inner Flame              Hex/Fire       ######..     1%          3
 Static Discharge         Conj/Air       #####...     1%          3
 Fulminant Prism          Conj/Hex       #####.....   1%          4
 Hailstorm                Conj/Ice       ######..     1%          4
 Iskenderun's Mystic Bla  Conj/Tloc      #####...     1%          4
 Lightning Bolt           Conj/Air       #####.....   2%          5
 Beastly Appendage        Tmut           ###...       3%          1
 Summon Small Mammal      Summ           ###.         3%          1
 Ozocubu's Armour         Ice            #####...     3%          3
 Call Imp                 Summ           ###.....     5%          2
 Passwall                 Tmut/Erth      ###.....     5%          2
 Slow                     Hex            ###.....     5%          2
 Swiftness                Air            ###.....     5%          2
 Wereblood                Tmut           ###.....     5%          2
 Call Canine Familiar     Summ           ###.....     11%         3
 Spider Form              Tmut/Pois      ###.......   11%         3
 Summon Guardian Golem    Hex/Summ       ###.....     11%         3
 Airstrike                Air            ###.......   11%         4
 Ice Form                 Ice/Tmut       #####...     21%         4
 Summon Ice Beast         Ice/Summ       #####...     21%         4
 Lee's Rapid Deconstruct  Erth           ###.......   26%         5
 Yara's Violent Unravell  Hex/Tmut       ###.......   26%         5
 Cause Fear               Hex            ###.......   36%         4
 Passage of Golubria      Tloc           N/A          36%         4
 Summon Lightning Spire   Summ/Air       ###.....     36%         4
 Blade Hands              Tmut           ###.......   71%         5
 Silence                  Hex/Air        ###.......   71%         5
 Summon Demon             Summ           ###.......   71%         5
 Summon Forest            Summ/Tloc      ###.......   71%         5
 Summon Mana Viper        Hex/Summ       ###.....     71%         5
 Invisibility             Hex            ###.....     99%         6
 Shadow Creatures         Summ           N/A          99%         6
 Summon Hydra             Summ           ###.......   100%        7
 Discord                  Hex            ###.......   100%        8


Dungeon Overview and Level Annotations

Branches:
Dungeon (14/15)            Temple (1/1) D:5            Lair (6/6) D:9
  Swamp (0/4) Lair:4        Snake (0/4) Lair:4        Slime (0/5) Lair:6
    Orc (2/2) D:11            Elf (0/3) Orc:2        Vaults (0/5) D:13
  IceCv (visited)         Gauntlet (visited)

Altars:
Ashenzari
Cheibriados
Dithmenos
Elyvilon
Fedhas
Gozag
Hepliaklqana
Kikubaaqudgha
Makhleb
Nemelex Xobeh
Okawaru
Qazlal
Ru
Sif Muna
Trog
Uskayaw
Vehumet
Wu Jian
Xom
Yredelemnul
Zin
The Shining One
Beogh

Shops:
D:6 *   D:13 (   Orc:2 =?(**

Annotations:
D:14 Azrael


Innate Abilities, Weirdness & Mutations

You are too large for most types of armour.
You have tough skin. (AC +1)


Message History

Aim: a boulder beetle (heavily wounded, summoned)
You feel a surge of power!
The sticky flame hits the boulder beetle but does no damage.
The boulder beetle is heavily wounded.
The boulder beetle is covered in liquid flames!
The boulder beetle burns!
The boulder beetle bites you.
* * * LOW HITPOINT WARNING * * *
Unknown command.
The boulder beetle burns!
The boulder beetle burns!
The boulder beetle burns!
The boulder beetle curls into a ball and begins rolling!
The boulder beetle burns!
The boulder beetle stops burning.
The boulder beetle hits you!
* * * LOW HITPOINT WARNING * * *
The boulder beetle stops rolling and uncurls.
There is a stone staircase leading up here.
You see here a +0 hand axe.
The boulder beetle bites you!
You die...

#....○...#
#....☼...#
#....R.Y.#
#....)...#
#........+
#........#
#........#
#......B.+
#......@[#
#......).#
##########


You could see Azrael, a boulder beetle (summoned) and an ice beast.

Vanquished Creatures
  Gastronok (D:12)
  A frost giant (IceCv)
  An orc warlord (Orc:1)
  2 entropy weavers (Lair:4)
  Snorg (Lair:3)
  Josephine (D:12)
  2 vault guards (D:13)
  Fannar (Orc:1)
  6 hydras
  A centaur warrior (D:14)
  3 two-headed ogres
  A queen ant (Lair:4)
  5 death yaks
  Sonja (Orc:1)
  2 orc high priests (Orc:1)
  Nergalle (Lair:3)
  Pikel (D:9)
  2 orc knights (Orc:2)
  2 deep elf magi
  2 oklob plants
  2 ugly things (D:13)
  3 cyclopes
  6 elephants
  2 manticores
  An ice statue (IceCv)
  A torpor snail (Lair:4)
  A gargoyle (D:13)
  24 cane toads
  2 kobold demonologists (D:13)
  3 rime drakes
  6 komodo dragons
  An efreet (D:14)
  3 trolls
  2 tengu conjurers (D:13)
  A queen bee (D:11)
  14 polar bears
  5 tyrant leeches (Lair:6)
  6 slime creatures (D:14)
  Prince Ribbit (D:6)
  23 blink frogs
  2 meliai zombies (D:13)
  2 bog bodies (Lair:4)
  50 yaks
  3 vampires (D:10)
  3 basilisks
  5 wraiths
  10 humans (D:13)
  2 fire elementals (D:14)
  4 wyverns
  12 vampire mosquitoes
  Grum (D:10)
  6 wargs
  Menkaure (D:5)
  A swamp worm (Lair:4)
  22 soldier ants (Lair:4)
  An acid dragon (D:12)
  3 hell hounds (D:14)
  8 water moccasins
  3 sky beasts
  41 orc warriors
  2 black bears
  3 ice beasts
  A phantom (D:6)
  22 wolves
  28 centaurs
  10 ogres
  4 lemures (D:7)
  A big kobold (D:9)
  25 bullfrogs
  A scorpion (D:9)
  A water moccasin skeleton (D:8)
  37 killer bees
  11 wights
  2 howler monkeys
  An electric eel (Lair:4)
  A crimson imp (D:7)
  2 centaur zombies
  2 quasits
  2 jellies
  A bullfrog zombie (D:11)
  5 hounds
  14 orc priests
  14 orc wizards
  4 bullfrog skeletons
  2 centaur skeletons
  6 iguanas
  Terence (D:2)
  29 worker ants
  A hound zombie (D:5)
  A howler monkey zombie (D:7)
  4 worker ant zombies
  8 gnolls
  11 adders
  3 shadow imps
  A white imp (D:5)
  3 oozes
  An adder skeleton (D:6)
  2 worms (D:2)
  A dart slug (D:4)
  5 leopard geckos
  75 orcs
  6 bats
  2 giant cockroaches
  8 goblins
  8 hobgoblins
  3 jackals (D:2)
  3 quokkas
  3 frilled lizards
  15 kobolds
  A quokka zombie (D:7)
  7 rats
  A foxfire (Lair:3)
729 creatures vanquished.

Vanquished Creatures (collateral kills)
  24 foxfires
24 creatures vanquished.

Vanquished Creatures (others)
  A hydra (D:14)
  A centaur zombie (D:14)
  A polar bear (IceCv)
  A soldier ant (Lair:4)
  A kobold (D:13)
  2078 foxfires
  49 fungi
  90 plants
2222 creatures vanquished.

Grand Total: 2975 creatures vanquished

Notes
Turn   | Place    | Note
-------+----------+-------------------------------------------
     0 | D:1      | ringo67 the Ogre Fire Elementalist began the quest for the
                  | Orb.
     0 | D:1      | Reached XP level 1. HP: 16/16 MP: 3/3
   228 | D:1      | Reached skill level 1 in Conjurations
   511 | D:1      | Reached XP level 2. HP: 25/26 MP: 1/5
   562 | D:1      | You fall into a shaft and drop 1 floor!
   568 | D:2      | Reached skill level 1 in Fighting
   741 | D:2      | Found a shimmering altar of Xom.
   741 | D:2      | Found a shimmering altar of Xom.
   927 | D:1      | Reached XP level 3. HP: 26/33 MP: 7/7
  2390 | D:2      | Reached skill level 2 in Fighting
  2516 | D:2      | Found a shimmering altar of Xom.
  2518 | D:2      | Found a shimmering altar of Xom.
  2518 | D:2      | Found a shimmering altar of Xom.
  2519 | D:2      | Found a shimmering altar of Xom.
  2549 | D:2      | Reached XP level 4. HP: 42/42 MP: 3/8
  2891 | D:3      | Noticed Terence
  2930 | D:2      | Killed Terence
  3265 | D:3      | Found a white marble altar of Elyvilon.
  3488 | D:3      | Reached XP level 5. HP: 52/52 MP: 3/10
  3726 | D:3      | Reached skill level 3 in Fighting
  4697 | D:4      | Found an ornate altar of the Wu Jian Council.
  4883 | D:4      | Reached XP level 6. HP: 61/61 MP: 6/11
  5448 | D:4      | Learned a level 4 spell: Sticky Flame
  5452 | D:4      | Learned a level 3 spell: Conjure Flame
  5469 | D:5      | Entered Level 5 of the Dungeon
  5657 | D:5      | Found a staircase to the Ecumenical Temple.
  5666 | Temple   | Entered the Ecumenical Temple
  5784 | D:5      | Reached skill level 4 in Fighting
  5878 | D:5      | Reached skill level 1 in Shields
  6082 | D:5      | Reached XP level 7. HP: 71/71 MP: 6/13
  6499 | D:5      | Noticed Menkaure
  6507 | D:5      | Killed Menkaure
  6798 | D:5      | Found an opulent altar of Gozag.
  7259 | D:6      | Reached skill level 5 in Fighting
  7392 | D:6      | Reached XP level 8. HP: 83/83 MP: 9/14
  7439 | D:6      | Reached skill level 5 in Fire Magic
  7479 | D:6      | Reached skill level 6 in Fighting
  7686 | D:6      | Found Saun Baru's General Store.
  7721 | D:6      | Noticed Prince Ribbit
  7732 | D:6      | Killed Prince Ribbit
  8297 | D:6      | Found a glowing golden altar of the Shining One.
  8373 | D:7      | Found a stormy altar of Qazlal.
  8396 | D:7      | Found a radiant altar of Vehumet.
  8396 | D:7      | Found a burning altar of Makhleb.
  8410 | D:7      | Became a worshipper of Vehumet
  8457 | D:7      | Reached skill level 7 in Fighting
  8457 | D:7      | Reached skill level 5 in Conjurations
  8599 | D:7      | Reached XP level 9. HP: 80/93 MP: 12/15
  8674 | D:7      | Found a hazy altar of Hepliaklqana.
  8889 | D:7      | Noticed Pikel
  9778 | D:7      | Learned a level 5 spell: Fireball
  9782 | D:7      | Learned a level 3 spell: Mephitic Cloud
  9910 | D:7      | Found a shadowy altar of Dithmenos.
  9910 | D:7      | Found a basalt altar of Yredelemnul.
  9910 | D:7      | Found an iron altar of Okawaru.
 10663 | D:8      | Reached skill level 8 in Fighting
 11107 | D:8      | Reached skill level 5 in Spellcasting
 11405 | D:9      | Killed Pikel
 11559 | D:9      | Reached XP level 10. HP: 106/106 MP: 12/18
 11603 | D:9      | Reached * piety under Vehumet
 11603 | D:9      | Offered knowledge of Freeze by Vehumet.
 11605 | D:9      | Reached skill level 9 in Fighting
 11765 | D:9      | Found a broken altar of Ashenzari.
 12007 | D:9      | Found a staircase to the Lair.
 12533 | D:10     | Entered Level 10 of the Dungeon
 12886 | D:10     | Noticed a two-headed ogre
 12903 | D:10     | Killed a two-headed ogre
 14285 | D:10     | Noticed Grum
 14310 | D:10     | Reached skill level 10 in Fighting
 14320 | D:10     | Killed Grum
 14738 | D:10     | Found the +12 Vampire's Tooth {vamp}
 14848 | D:10     | Reached ** piety under Vehumet
 15034 | D:10     | Offered knowledge of Sandblast by Vehumet.
 15311 | D:10     | Reached XP level 11. HP: 119/119 MP: 18/22
 15313 | D:10     | Noticed a two-headed ogre
 15326 | D:10     | Killed a two-headed ogre
 15326 | D:10     | Reached skill level 5 in Shields
 15863 | Lair:1   | Entered Level 1 of the Lair of Beasts
 16565 | D:11     | Found a staircase to the Orcish Mines.
 16846 | D:11     | Offered knowledge of Ignite Poison by Vehumet.
 17114 | D:11     | Noticed a boulder beetle
 17475 | Orc:1    | Entered Level 1 of the Orcish Mines
 17475 | Orc:1    | Noticed Sonja
 17481 | Orc:1    | Killed Sonja
 17481 | Orc:1    | Reached skill level 11 in Fighting
 17488 | Orc:1    | Noticed an orc high priest
 17655 | Orc:1    | Noticed a sixfirhy
 19056 | Lair:1   | Noticed a five-headed hydra
 19485 | D:9      | Learned a level 3 spell: Ignite Poison
 19488 | D:9      | Learned a level 2 spell: Blink
 19770 | Lair:1   | Reached *** piety under Vehumet
 20003 | Lair:1   | Killed a five-headed hydra
 20003 | Lair:1   | Reached XP level 12. HP: 76/131 MP: 16/24
 21404 | Lair:2   | Found a gate leading to a gauntlet.
 21445 | Gauntlet | Entered a Gauntlet
 21445 | Gauntlet | Found a transporter.
 21445 | Gauntlet | Found a transporter.
 21445 | Gauntlet | Found a runed translucent gate.
 21445 | Gauntlet | Noticed a catoblepas
 21449 | Gauntlet | Found a transporter.
 21449 | Gauntlet | Found a transporter.
 21450 | Gauntlet | Found a runed translucent gate.
 21451 | Gauntlet | Found a runed translucent gate.
 21471 | Gauntlet | Found a transporter.
 21479 | Gauntlet | Found a transporter.
 21483 | Gauntlet | Found a transporter.
 21494 | Gauntlet | Found a transporter.
 21508 | Gauntlet | Found a transporter.
 21508 | Gauntlet | Noticed a reaper
 21526 | Gauntlet | Found a transporter.
 21527 | Gauntlet | Found a transporter.
 21535 | Gauntlet | Found a transporter.
 21705 | Lair:2   | Reached skill level 12 in Fighting
 22656 | Lair:3   | Offered knowledge of Dazzling Flash by Vehumet.
 22695 | Lair:3   | Noticed Nergalle
 22748 | Lair:3   | Killed Nergalle
 23052 | Lair:3   | Reached skill level 5 in Dodging
 23093 | Lair:3   | Got a warped long sword
 23094 | Lair:3   | Identified the +4 long sword of Tiytzorigg {drain, Int+2}
                  | (You found it on level 3 of the Lair of Beasts)
 23417 | Lair:3   | Learned a level 3 spell: Frozen Ramparts
 23507 | Lair:3   | Noticed Snorg
 23583 | Lair:3   | Killed Snorg
 24322 | Lair:4   | Noticed a six-headed hydra
 24366 | Lair:4   | Killed a six-headed hydra
 24366 | Lair:4   | Reached XP level 13. HP: 18/141 MP: 2/25
 24899 | Lair:4   | Found a staircase to the Snake Pit.
 25129 | Lair:4   | Reached skill level 10 in Fire Magic
 25130 | Lair:4   | Found a staircase to the Swamp.
 25604 | Lair:4   | Reached skill level 1 in Ice Magic
 25726 | Lair:4   | Reached **** piety under Vehumet
 25762 | Lair:4   | Noticed an entropy weaver
 25766 | Lair:4   | Noticed an entropy weaver
 25781 | Lair:4   | Killed an entropy weaver
 25789 | Lair:4   | Offered knowledge of Bolt of Magma by Vehumet.
 25789 | Lair:4   | Reached skill level 10 in Conjurations
 26190 | Lair:4   | Killed an entropy weaver
 27726 | Lair:5   | Identified a scroll of acquirement
 27726 | Lair:5   | Acquired an uncursed staff of fire
 27784 | Lair:5   | Reached skill level 10 in Spellcasting
 28369 | Lair:5   | Reached ***** piety under Vehumet
 28517 | Lair:5   | Offered knowledge of Iskenderun's Battlesphere by Vehumet.
 29156 | Lair:6   | Entered Level 6 of the Lair of Beasts
 30652 | Lair:6   | Reached XP level 14. HP: 144/150 MP: 27/29
 31644 | Lair:6   | Reached skill level 13 in Fighting
 32135 | Lair:6   | Found a staircase to the Slime Pits.
 32634 | Orc:2    | Entered Level 2 of the Orcish Mines
 34656 | Orc:2    | Found a roughly hewn altar of Beogh.
 34896 | Orc:2    | Found Xouj's Magic Scroll Shop.
 34896 | Orc:2    | Found Mif Loal's Antique Weapon Shoppe.
 34898 | Orc:2    | Found Lugh's General Store.
 34900 | Orc:2    | Found Zag Zuff's Jewellery Boutique.
 35041 | Orc:2    | Found Tuecrem's General Store.
 35121 | Orc:2    | Found a staircase to the Elven Halls.
 35262 | Orc:2    | Noticed an orc warlord
 35641 | Orc:1    | Killed an orc warlord
 35641 | Orc:1    | Offered knowledge of Iskenderun's Mystic Blast by Vehumet.
 36153 | Orc:1    | Noticed Fannar
 36165 | Orc:1    | Killed Fannar
 36571 | Orc:1    | Found a roughly hewn altar of Beogh.
 37437 | D:11     | Found a shimmering altar of Xom.
 37500 | D:11     | You fall into a shaft and drop 3 floors!
 37717 | D:14     | Reached XP level 15. HP: 135/162 MP: 29/31
 37838 | D:14     | Noticed Azrael
 37868 | D:14     | Reached skill level 14 in Fighting
 38531 | D:12     | Found a frozen archway.
 38549 | IceCv    | Entered an ice cave
 38569 | IceCv    | Offered knowledge of Spellforged Servitor by Vehumet.
 38582 | IceCv    | Learned a level 7 spell: Spellforged Servitor
 39303 | IceCv    | Noticed a frost giant
 39355 | IceCv    | Reached skill level 10 in Shields
 39370 | IceCv    | Killed a frost giant
 40655 | D:12     | Noticed Gastronok
 40676 | D:12     | Killed Gastronok
 41191 | D:12     | Noticed Josephine
 41201 | D:12     | Killed Josephine
 41534 | D:13     | Found Merpha's Antique Weapon Shoppe.
 42019 | D:13     | Found a gate to the Vaults.
 42291 | D:14     | Offered knowledge of Freezing Cloud by Vehumet.
 42369 | D:14     | Slain by a boulder beetle

Illustrated notes

Levels and vault maps discovered:
D:1:      dpeg_arrival_arbitrary_c, layout_loops_corners
D:2:      layout_rooms, xom_redecorated
D:3:      layout_basic, elyvilon_altar_1, minmay_misc_feat_diagonals,
          dk_vineyard_1, minivault_14, minmay_goblin_outpost, uniq_terence
D:4:      layout_cave_pods, lemuel_doored_altar, serial_park,
          serial_park_square3 [serial_park_minivault_5x5_7]
D:5:      layout_cave_pods, minmay_temple_entry_grid, grunt_gozag_statues,
          uniq_menkaure
D:6:      layout_basic, lemuel_crystal_altar, serial_shops, shop,
          uniq_prince_ribbit1
D:7:      layout_basic, grunt_temple_overflow_lords_of_destruction,
          grunt_qazlal_sundering, overflow_temple_1_default,
          gammafunk_temple_overflow_claw, uniq_pikel
D:8:      layout_basic
D:9:      layout_long_grid, evilmike_ruin_ashenzari, lair_entry_dummy
D:10:     layout_roguey, minmay_guarded_unrand_vampires_tooth, uniq_grum
D:11:     layout_roguey [special_room_bee], orc_0_dummy, basic_altar
D:12:     layout_stronghold, portal_ice_cave_rime, uniq_gastronok,
          uniq_josephine
D:13:     layout_roguey, ximxim_vaults_locker_room, serial_shops, shop,
          minivault_20
D:14:     layout_gridville, grunt_dithmenos_shadows, kennysheep_cluttered_room,
          uniq_azrael
Temple:   zaba_magenta_temple
Lair:1:   layout_long_grid, minmay_lair_oklob_chamber
Lair:2:   layout_gridlike, gauntlet_entry_generic
Lair:3:   wander_river, layout_cave_pods, small_statue_intersection,
          infiniplex_staircase_pool, uniq_snorg, uniq_nergalle
Lair:4:   layout_misc_corridors, nicolae_swamp_entry_splash_gauntlet,
          dummy_snake_entry, zaba_anthell
Lair:5:   layout_cave_pods, infiniplex_staircase_pool_2, grunt_megastairs_3
Lair:6:   minmay_lair_end_frog_pond, layout_small_grid, slime_dummy
Orc:1:    layout_diamond_mine, bh_open_orc_temple, uniq_fannar, uniq_sonja
Orc:2:    st_orc_rangers, layout_caves, basic_altar, serial_shops,
          nicolae_shop_waterfront

Skill      XL: |  1  2  3  4  5  6  7  8  9 10 11 12 13 14 15 |
---------------+----------------------------------------------+-----
Conjurations   | 1 2 3 4 5 6 7 8 9 11 12 | 12.4
Fighting       | 1 2 3 4 5 7 8 10 11 12 13 14 | 14.9
Fire Magic     | 3 4 5 6 8 9 10 | 10.8
Spellcasting   | 3 4 5 7 8 11 12 | 12.0
Shields        | 1 2 4 6 7 9 10 | 10.4
Dodging        | 3 5 7 8 |  8.3
Ice Magic      | 1 3 |  3.0
Stealth        | |  1.4

Action                   |  1- 3 |  4- 6 |  7- 9 | 10-12 | 13-15 || total
-------------------------+-------+-------+-------+-------+-------++-------
Melee: Unarmed           |    21 |       |       |       |       ||    21
       Whip              |       |     3 |     2 |       |       ||     5
       Dagger            |       |       |     6 |       |       ||     6
       Trident           |       |       |    53 |    30 |       ||    83
       Quick blade       |       |       |       |   246 |  1023 ||  1269
       Staff             |       |       |       |       |    34 ||    34
 Cast: Foxfire           |    84 |   183 |   268 |   356 |   332 ||  1223
       Sticky Flame      |       |       |     2 |    62 |    88 ||   152
       Mephitic Cloud    |       |       |       |    17 |    14 ||    31
       Conjure Flame     |       |       |       |     8 |     9 ||    17
       Blink             |       |       |       |     4 |    12 ||    16
       Fireball          |       |       |       |     6 |    49 ||    55
       Ignite Poison     |       |       |       |     4 |     3 ||     7
       Frozen Ramparts   |       |       |       |     4 |   126 ||   130
  Use: Scroll            |       |     7 |     1 |    18 |    13 ||    39
       Potion            |       |       |     2 |     2 |     4 ||     8
 Stab: Sleeping          |       |       |     1 |     1 |     2 ||     4
       Confused          |       |       |       |     1 |       ||     1
Armor: Robe              |    10 |     9 |    26 |    88 |   112 ||   245
Dodge: Dodged            |    24 |    12 |    58 |   235 |   422 ||   751
Block: Other             |       |     4 |    33 |    89 |    71 ||   197
       Reflection        |       |       |       |     1 |    63 ||    64
       Kite shield       |       |       |       |       |   616 ||   616

Table legend: (Time is in decaauts)
 A = Elapsed time spent in this place.
 B = Non-inter-level travel time spent in this place.
 C = Inter-level travel time spent in this place.
 D = Time resting spent in this place.
 E = Time spent auto-exploring this place.
 F = Levels seen in this place.
 G = Mean time per level.
                   A        B        C        D        E       F      G
               +--------+--------+--------+--------+--------+-----+--------+
         Total |  42243 |  41184 |   1059 |  16872 |  17426 |  25 | 1689.7 |
       Dungeon |  23424 |  22941 |    483 |   8931 |  10960 |  14 | 1673.1 |
        Temple |     83 |     71 |     12 |      0 |     57 |   1 |   83.0 |
          Lair |  12190 |  11830 |    360 |   4500 |   5104 |   6 | 2031.7 |
  Orcish Mines |   4663 |   4459 |    204 |   2741 |    848 |   2 | 2331.5 |
      Ice Cave |   1763 |   1763 |      0 |    700 |    455 |   1 | 1763.0 |
      Gauntlet |    117 |    117 |      0 |      0 |      0 |   1 |  117.0 |
               +--------+--------+--------+--------+--------+-----+--------+

Top non-repeatable levels by time:
     D:9: 4502 daAuts
  Lair:4: 3375 daAuts
   Orc:1: 3132 daAuts
    D:10: 2611 daAuts
  Lair:5: 2290 daAuts
  Lair:3: 2224 daAuts
     D:7: 2105 daAuts
     D:1: 1996 daAuts
  Lair:6: 1971 daAuts
    D:11: 1828 daAuts
   IceCv: 1763 daAuts
     D:5: 1694 daAuts
  Lair:1: 1534 daAuts
   Orc:2: 1531 daAuts
     D:4: 1343 daAuts
